 Dungeon Crawl Stone Soup version 0.22.0-38-g04b72b8 (webtiles) character file.

18 dvd the Firebug (level 2, -2/17 HPs)
             Began as an Octopode Fire Elementalist on Aug 28, 2018.
             Slain by an adder (4 damage)
             ... on level 1 of the Dungeon.
             The game lasted 00:02:01 (698 turns).

dvd the Firebug (Octopode Fire Elementalist)         Turns: 698, Time: 00:02:02

Health: -2/17      AC:  1    Str:  7    XL:     2   Next: 66%
Magic:  0/5        EV: 13    Int: 17    God:
Gold:   51         SH:  0    Dex: 12    Spells: 2/5 levels left

rFire    . . .     SeeInvis .   g - -2 dagger (curse)
rCold    . . .     Gourm    .   (no shield)
rNeg     . . .     Faith    .   (helmet restricted)
rPois    .         Spirit   .   (no amulet)
rElec    .         Reflect  .   (no ring)
rCorr    .         Harm     .   (no ring)
MR       .....                  (no ring)
Stlth    +++.......             (no ring)
HPRegen  0.05/turn              (no ring)
MPRegen  0.09/turn              (no ring)
                                (no ring)
                                (no ring)

@: lethally poisoned (-2 -> -13)
A: almost no armour, stealthy swim, amphibious, 8 rings, constrict 8, camouflage
1, gelatinous body 1
a: no special abilities


You were on level 1 of the Dungeon.
You were not hungry.

You visited 1 branch of the dungeon, and saw 2 of its levels.

You collected 51 gold pieces.

Inventory:

Hand Weapons
 g - a cursed -2 dagger (weapon)
Scrolls
 d - a scroll of enchant armour {unknown}
 f - a scroll of amnesia {unknown}
 i - 2 scrolls of identify {unknown}
 j - a scroll of fog {unknown}
 l - a scroll of immolation {unknown}
Potions
 a - a potion of lignification {unknown}
 e - 2 potions of might {unknown}
 h - a potion of haste {unknown}
 k - a potion of ambrosia {unknown}
Comestibles
 b - 3 rations
 c - a chunk of flesh


   Skills:
 + Level 2.2 Dodging
 - Level 3.1 Stealth
 + Level 0.1 Unarmed Combat
 + Level 2.1 Spellcasting
 + Level 1.0 Conjurations
 + Level 3.3 Fire Magic


You had 2 spell levels left.
You knew the following spells:

 Your Spells              Type           Power        Failure   Level  Hunger
a - Flame Tongue          Conj/Fire      #....        8%          1    #......
b - Throw Flame           Conj/Fire      #.....       12%         2    ###....

Your spell library contained the following spells:

 Spells                   Type           Power        Failure   Level  Hunger
 Conjure Flame            Conj/Fire      #.......     24%         3    ###....
 Inner Flame              Hex/Fire       #.......     28%         3    ###....
 Sticky Flame             Conj/Fire      #.......     61%         4    #####..
 Fireball                 Conj/Fire      #.........   91%         5    ######.


Dungeon Overview and Level Annotations

Branches:
Dungeon (2/15)

Altars:


Innate Abilities, Weirdness & Mutations

You cannot wear most types of armour.
You are very stealthy in the water. (Stealth+)
You are amphibious.
You can wear up to eight rings at the same time.
You can use your tentacles to constrict eight enemies at once.
Your skin changes colour to match your surroundings (Stealth+).
Your rubbery body absorbs attacks. (AC +1, EV +1)


Message History

Press: ? - help, Shift-Dir - straight line, f/p - adder
Aim: an adder (moderately wounded)
The flame tongue misses the adder.
The adder closely misses you. x2
You hit the adder but do no damage. You grab the adder. You squeeze the adder.
The adder is heavily wounded.
You constrict the adder.
You feel sick. The adder bites you.
* * * LOW HITPOINT WARNING * * *
You are more poisoned.
The adder poisons you!
You hit the adder.
The adder is severely wounded.
You constrict the adder.
* * * LOW HITPOINT WARNING * * *
You feel sick. The adder misses you.
You completely miss the adder.
The adder is almost dead.
You constrict the adder.
* * * LOW HITPOINT WARNING * * *
You feel sick. The adder bites you.
You die...

# ###..#...................... #
#.........#......#..#####. #
##.##...............# #.
#.#####..####..##.## #.
#########.#####..####.###.######.
......................# #......#.
.#############.......## #.##.###.
## ###.#S###.# #.##.#...
#....@....# #....#.#. ###########
####.#.#. #.#.#. #.#.## #...#
#####


You could see an adder.

Vanquished Creatures
  2 dart slugs (D:1)
  2 goblins (D:1)
  A hobgoblin (D:1)
  4 bats (D:1)
  2 kobolds (D:1)
  5 rats (D:1)
16 creatures vanquished.

Notes
Turn   | Place    | Note
-------+----------+-------------------------------------------
     0 | D:1      | dvd the Octopode Fire Elementalist began the quest for the Orb.
     0 | D:1      | Reached XP level 1. HP: 11/11 MP: 3/3
   166 | D:1      | Reached XP level 2. HP: 17/17 MP: 0/5
   687 | D:1      | Learned a level 2 spell: Throw Flame
   698 | D:1      | Slain by an adder

Skill      XL: |  1 |
---------------+----+-----
Stealth        | 3 |  3.1
Dodging        | |  2.2
Unarmed Combat | |  0.1
Spellcasting   | |  2.1
Conjurations   | |  1.0
Fire Magic     | |  3.3

Action                   || total
-------------------------++-------
Melee: Unarmed           ||     8
       Constrict         ||     4
       Dagger            ||     9
       Tentacles         ||     2
 Cast: Flame Tongue      ||    19
 Stab: Sleeping          ||     4
Armor: Skin              ||     5
Dodge: Dodged            ||    18
